 Dungeon Crawl Stone Soup version 0.24.0-13-gcf9b319 (webtiles) character file.

Game seed: 9762922773085941960, levelgen mode: deterministic

98 Bronimir the Chiller (level 4, -3/32 HPs)
             Began as a Merfolk Ice Elementalist on Apr 18, 2020.
             Slain by a gnoll
             ... wielding a +0 spear
              (6 damage)
             ... on level 2 of the Dungeon.
             The game lasted 00:05:47 (1872 turns).

Bronimir the Chiller (Merfolk Ice Elementalist)     Turns: 1872, Time: 00:05:48

Health: -3/32      AC:  5    Str:  9    XL:     4   Next: 71%
Magic:  0/7        EV:  7    Int: 14    God:
Gold:   61         SH:  0    Dex: 14    Spells: 2/8 levels left

rFire    + . .     SeeInvis +   a - +0 spear
rCold    . . .     Gourm    .   (no shield)
rNeg     . . .     Faith    .   g - +1 leather armour {rF+}
rPois    .         Spirit   +   (no helmet)
rElec    .         Reflect  .   p - scarf {Spirit}
rCorr    .         Harm     .   (no gloves)
MR       .....                  i - +0 pair of boots
Stlth    +++.......             (no amulet)
HPRegen  0.10/turn              l - ring of see invisible
MPRegen  0.10/turn              q - ring of stealth

@: held, invisible
A: change form in water, swift swim, stealthy swim
a: no special abilities


You were on level 2 of the Dungeon.
You were very hungry.

You visited 1 branch of the dungeon, and saw 2 of its levels.

You collected 61 gold pieces.

Inventory:

Hand Weapons
 a - a +0 spear (weapon)
 b - a +0 dagger
Missiles
 n - 14 stones (quivered)
Armour
 g - a +1 leather armour of fire resistance (worn)
 i - a +0 pair of boots (worn)
 p - a scarf of spirit shield (worn)
Jewellery
 l - a ring of see invisible (left hand)
 q - a ring of stealth (right hand)
Scrolls
 d - 2 scrolls of amnesia {unknown}
 e - 3 scrolls of teleportation {unknown}
 h - a scroll of enchant weapon {unknown}
 j - a scroll of remove curse {unknown}
 o - a scroll of fear {unknown}
Potions
 f - a potion of magic {unknown}
 m - a potion of curing
Comestibles
 c - 3 rations


   Skills:
 + Level 1.2 Fighting
 + Level 0.7 Short Blades
 * Level 0.9 Polearms
 * Level 0.3 Armour
 * Level 3.2 Dodging
 - Level 2.1 Stealth
 + Level 2.6 Spellcasting
 - Level 0.7 Conjurations
 * Level 0.4 Charms
 * Level 4.4 Ice Magic


You had 2 spell levels left.
You knew the following spells:

 Your Spells              Type           Power        Failure   Level  Hunger
a - Freeze                Ice            ##..         4%          1    #......
b - Throw Frost           Conj/Ice       #.....       16%         2    ###....
c - Ozocubu's Armour      Chrm/Ice       #.......     32%         3    ###....

Your spell library contained the following spells:

 Spells                   Type           Power        Failure   Level  Hunger
 Magic Dart               Conj           #...         22%         1    #......
 Throw Icicle             Conj/Ice       #.......     71%         4    #####..
 Summon Ice Beast         Ice/Summ       #.......     77%         4    #####..


Dungeon Overview and Level Annotations

Branches:
Dungeon (2/15)

Altars:
Kikubaaqudgha
Makhleb
Sif Muna
Vehumet


Message History

Your icy armour cracks and falls away as you move.
The gnoll throws a throwing net.
The throwing net hits you.
You become entangled in the net!
You see here a throwing net.
You struggle against the net.
The gnoll closely misses you. The gnoll hits you. The gnoll barely misses you.
You struggle against the net.
The gnoll hits you from afar with a +0 spear!
* * * LOW HITPOINT WARNING * * *
The gnoll hits you but does no damage. x2
It was a potion of curing.
You feel better.
The gnoll hits you from afar with a +0 spear.
The gnoll hits you!
* * * LOW HITPOINT WARNING * * *
The gnoll hits you with a +0 flail.
* * * LOW HITPOINT WARNING * * *
It was a potion of invisibility.
You fade into invisibility!
The gnoll hits you from afar with a +0 spear.
You die...

#...... #...... #......
#...... #######.)....
###............
####...###........
##....#####........
.######g@#........#......
......gg##.##...####..###
...........##.######.####
.##..#...................
##..#................###
....#...##..#........#
.##..........#........#
#####..####.###..........#
##._.## #.# ###..####<.# #


You could see 3 gnolls.

Vanquished Creatures
  A hound (D:2)
  2 adders (D:2)
  2 dart slugs
  A leopard gecko (D:1)
  A ball python (D:2)
  11 bats (D:1)
  4 goblins
  6 hobgoblins
  4 jackals (D:1)
  3 frilled lizards
  5 kobolds
  6 rats
46 creatures vanquished.

Notes
Turn   | Place    | Note
-------+----------+-------------------------------------------
     0 | D:1      | Bronimir the Merfolk Ice Elementalist began the quest for
                  | the Orb.
     0 | D:1      | Reached XP level 1. HP: 13/13 MP: 3/3
    57 | D:1      | Reached XP level 2. HP: 17/20 MP: 0/5
   273 | D:1      | Learned a level 2 spell: Throw Frost
   289 | D:1      | Reached skill level 1 in Fighting
   645 | D:1      | Reached XP level 3. HP: 22/26 MP: 2/6
   697 | D:1      | Learned a level 3 spell: Ozocubu's Armour
   767 | D:1      | Reached skill level 4 in Ice Magic
  1161 | D:2      | Found a radiant altar of Vehumet.
  1164 | D:2      | Identified Vehumet's Handbook of Attacks
  1167 | D:2      | Found an ancient bone altar of Kikubaaqudgha.
  1174 | D:2      | Found a shimmering blue altar of Sif Muna.
  1531 | D:2      | Reached XP level 4. HP: 28/32 MP: 5/7
  1721 | D:2      | Found a burning altar of Makhleb.
  1872 | D:2      | Slain by a gnoll

Levels and vault maps discovered:
D:1:      shiori_arrival_oz, layout_basic
D:2:      layout_rooms, grunt_temple_overflow_magic_moments, first_ration,
          makhleb_heckhound_becter

Skill      XL: |  1  2  3 |
---------------+----------+-----
Fighting       | 1 |  1.2
Ice Magic      | 4 |  4.4
Dodging        | 3 |  3.2
Short Blades   | |  0.7
Polearms       | |  0.9
Armour         | |  0.3
Stealth        | |  2.1
Spellcasting   | |  2.6
Conjurations   | |  0.7
Charms         | |  0.4

Action                   |  1- 3 |  4- 6 || total
-------------------------+-------+-------++-------
Melee: Unarmed           |     5 |       ||     5
       Dagger            |    12 |       ||    12
       Spear             |    63 |    20 ||    83
 Cast: Freeze            |    46 |     8 ||    54
       Throw Frost       |     1 |       ||     1
       Ozocubu's Armour  |       |     1 ||     1
  Use: Potion            |       |     2 ||     2
 Stab: Sleeping          |     3 |     1 ||     4
  Eat: Chunk             |     3 |       ||     3
Armor: Robe              |     4 |       ||     4
       Leather armour    |    37 |    16 ||    53
Dodge: Dodged            |    96 |    22 ||   118
